AoeStats
← weefimonster

Arena

510525051Analyzed
4v4 RM · 14h ago on Oct 1, 2026· 94m 46s· 8 players
Game mode
Random Map
Map size
Large (8 player)
Population
200
Speed
Normal
Resources
Standard
Victory
Conquest
Starting age
Dark Age
Ending age
Imperial Age
RankedLock teamsTeams togetherTeam positionsShared explorationLock speedFull tech treeHidden civsTurbo modeCheats
Victory
Defeat
🇧🇷 Chinese · Brazil
793
+13
🇨🇳 Bohemians · China
789
+13
🇨🇦 Italians · Canada
785
+14
🇨🇳 Huns · China
703
+17
🇸🇬 Turks · Singapore
807
-16
🇨🇳 Cumans · China
735
-15
🇨🇳 Portuguese · China
692
-13
🇨🇳 Chinese · China
689
-13
weefimonster
11:08 Feudal Age
16:52 Castle Age
15:15 Double-Bit Axe
15:15 Horse Collar
16:47 Fletching
18:14 Bodkin Arrow
20:42 Stone Mining
23:12 Stone Shaft Mining
22:52 Bow Saw
22:46 Heavy Plow
23:48 Padded Archer Armor
24:37 Fortified Wall
26:02 Ballistics
27:05 Gold Mining
30:45 Imperial Age
28:03 Loom
29:21 Thumb Ring
30:14 Silk Road
32:26 Chemistry
31:33 Bracer
34:15 Elite Genoese Crossbowman
35:36 Hoardings
37:26 Scale Mail Armor
37:45 Leather Archer Armor
37:40 Forging
40:56 Iron Casting
40:52 Ring Archer Armor
41:11 Conscription
44:33 Blast Furnace
43:52 Chain Mail Armor
51:52 Elite Skirmisher
54:08 Coinage
65:20 Scale Barding Armor
64:39 Light Cavalry
65:30 Bloodlines
65:21 Husbandry
66:22 Hussar
67:27 Chain Barding Armor
77:29 Plate Barding Armor
86:17 Plate Mail Armor
85:46 Murder Holes
86:02 Masonry
89:30 Cavalier
AxelCrow
0:54 Loom
12:12 Feudal Age
12:37 Horse Collar
14:21 Man-at-Arms
14:47 Arson
17:54 Double-Bit Axe
20:46 Castle Age
19:43 Forging
19:35 Scale Mail Armor
21:22 Long Swordsman
23:06 Squires
32:36 Town Watch
33:27 Wheelbarrow
seven^^
11:02 Feudal Age
15:11 Castle Age
13:30 Double-Bit Axe
19:44 Horse Collar
25:08 Pikeman
35:52 Imperial Age
34:42 Bow Saw
35:37 Chemistry
36:24 Squires
36:09 Arson
39:16 Forging
39:07 Scale Mail Armor
40:00 Halberdier
40:13 Halberdier
44:38 Iron Casting
44:18 Chain Mail Armor
44:51 Houfnice
47:14 Siege Engineers
48:50 Blast Furnace
48:20 Plate Mail Armor
53:23 Elite Skirmisher
63:34 Elite Skirmisher
72:31 Fletching
72:41 Padded Archer Armor
73:15 Plate Mail Armor
73:11 Caravan
81:52 Bodkin Arrow
82:12 Leather Archer Armor
90:51 Bracer
91:07 Leather Archer Armor
91:18 Ballistics
93:19 Ring Archer Armor
yuanda_sun
12:24 Feudal Age
13:10 Horse Collar
13:21 Double-Bit Axe
14:24 Wheelbarrow
17:18 Stone Mining
17:19 Gold Mining
20:04 Castle Age
19:48 Fletching
20:09 Forging
20:06 Scale Barding Armor
21:35 Hand Cart
21:06 Town Watch
21:26 Heavy Plow
21:40 Bow Saw
22:18 Caravan
26:07 Town Patrol
26:54 Bodkin Arrow
27:35 Iron Casting
28:49 Chain Barding Armor
34:28 Imperial Age
33:07 Husbandry
33:20 Bloodlines
33:24 Masonry
33:11 Murder Holes
33:42 Ballistics
36:25 Blast Furnace
36:01 Plate Barding Armor
35:29 Bracer
36:34 Two-Man Saw
35:17 Cavalier
36:58 Paladin
83:16 Elite Skirmisher
88:14 Scale Mail Armor
88:15 Padded Archer Armor
扎哈真传弟子
11:49 Feudal Age
12:57 Double-Bit Axe
20:55 Horse Collar
24:15 Castle Age
22:58 Town Watch
23:51 Wheelbarrow
23:37 Gold Mining
27:25 Hand Cart
27:13 Heavy Plow
27:25 Bow Saw
29:44 Steppe Husbandry
30:25 Capped Ram
34:46 Imperial Age
32:54 Bloodlines
34:25 Light Cavalry
34:26 Pikeman
35:07 Squires
35:15 Scale Barding Armor
35:21 Forging
35:11 Scale Mail Armor
35:56 Gold Shaft Mining
35:11 Stone Mining
35:48 Conscription
34:58 Siege Ram
38:45 Cavalier
39:59 Crop Rotation
41:04 Ballistics
40:41 Murder Holes
41:53 Elite Kipchak
52:46 Paladin
59:40 Elite Skirmisher
60:33 Onager
61:03 Hussar
63:05 Fletching
63:15 Padded Archer Armor
63:36 Chain Barding Armor
63:52 Iron Casting
64:45 Leather Archer Armor
64:26 Bodkin Arrow
65:43 Chain Mail Armor
King JC1524
11:58 Feudal Age
18:57 Castle Age
17:47 Stone Mining
17:45 Double-Bit Axe
17:44 Horse Collar
18:24 Gold Mining
34:53 Imperial Age
33:54 Ballistics
33:45 Fortified Wall
34:05 Bow Saw
35:10 Treadmill Crane
35:41 Masonry
36:37 Wheelbarrow
37:05 Conscription
38:07 Heavy Plow
41:48 Hand Cart
43:14 Two-Man Saw
43:31 Husbandry
43:42 Bloodlines
49:22 Squires
49:07 Arson
David
0:47 Loom
12:35 Feudal Age
14:50 Double-Bit Axe
19:01 Castle Age
17:08 Padded Archer Armor
17:16 Gold Mining
17:51 Arson
18:35 Scale Mail Armor
19:06 Stone Mining
19:35 Fletching
20:28 Squires
21:27 Forging
22:13 Crossbowman
24:56 Wheelbarrow
24:38 Horse Collar
26:22 Town Watch
29:02 Bodkin Arrow
29:45 Heavy Plow
30:09 Hand Cart
31:24 Scale Barding Armor
31:37 Leather Archer Armor
35:15 Imperial Age
32:48 Town Patrol
34:09 Chain Mail Armor
34:30 Iron Casting
34:43 Thumb Ring
34:34 Heated Shot
34:56 Masonry
35:08 Ballistics
37:04 Ring Archer Armor
36:34 Bracer
37:05 Plate Mail Armor
37:35 Blast Furnace
38:53 Conscription
39:26 Elite Chu Ko Nu
40:50 Architecture
41:21 Chemistry
40:08 Arrowslits
40:19 Murder Holes
40:35 Fortified Wall
40:45 Great Wall
41:16 Chain Barding Armor
40:42 Arbalester
46:54 Rocketry
47:17 Plate Barding Armor
47:38 Bombard Tower
56:06 Elite Skirmisher
57:48 Pikeman
57:51 Elite Fire Lancer
59:32 Halberdier
70:48 Heavy Scorpion
72:49 Elite Fire Lancer
87:12 Gold Shaft Mining
92:42 Heavy Rocket Cart
gl
12:36 Feudal Age
16:09 Loom
16:24 Double-Bit Axe
19:36 Castle Age
27:15 Murder Holes
31:54 Imperial Age
32:08 Fletching
33:54 Chemistry
32:52 Gold Mining
43:46 Wheelbarrow
42:57 Town Watch
43:07 Stone Mining
43:01 Horse Collar
43:34 Bow Saw
43:43 Husbandry
44:08 Bodkin Arrow
46:47 Two-Man Saw
46:30 Scale Barding Armor
48:24 Heavy Plow
49:30 Bombard Tower
49:31 Ballistics
48:52 Treadmill Crane
49:23 Fortified Wall
51:48 Cavalier
55:05 Elite Organ Gun
55:46 Arquebus
55:48 Bracer
55:49 Padded Archer Armor
55:49 Scale Mail Armor
58:12 Chain Mail Armor
58:07 Forging
58:13 Leather Archer Armor
58:19 Chain Barding Armor
57:53 Pikeman
58:19 Arson
58:49 Halberdier
67:04 Ring Archer Armor
67:05 Plate Mail Armor
74:57 Hand Cart
74:43 Town Patrol
81:47 Plate Mail Armor
81:52 Iron Casting
81:33 Masonry
Connection lost

Rejoining the realm…

Still unreachable

The connection could not be restored.

Session expired

The server has moved on; the page needs a fresh start.